Map: Dusk Towers

Players

llllllllllll

  • Race: Zerg Zerg
  • League: Gold

Toons - Winner!

  • Race: Protoss Protoss
  • League: Gold

VOD

Have the link to the VOD?

Description

Time

  • Played on: Jan. 26, 2016, 3:35 a.m.
  • Length: 15:18
Show
View Real Time Build Order
Export as new Build Order

llllllllllll Zerg 

Build Orders: Hatch First 

Get SALT Encoding   

  12  0:01  Drone  
  13  0:08  Drone  
  14  0:17  Overlord  
  14  0:22  Extractor  
  14  0:23  Drone  
  15  0:35  Drone x2  
  17  0:53  Hatchery  
  17  0:56  Drone  
  17  0:59  Drone  
  18  1:05  Extractor  
  17  1:14  Spawning Pool  
  17  1:17  Drone  
  17  1:20  Drone  
  18  1:29  Drone  
  19  1:58  Hatchery  
  18  2:05  Zergling x6  
  18  2:07  Metabolic Boost  
  21  2:11  Drone  
  22  2:17  Queen  
  22  2:21  Drone  
  25  2:37  Zergling x4  
  25  2:39  Drone  
  25  2:41  Overlord  
  28  2:59  Drone x3, Queen  
  28  3:00  Drone  
  28  3:03  Drone  
  35  3:12  Drone  
  36  3:17  Extractor  
  36  3:19  Roach Warren  
  34  3:23  Drone x2  
  34  3:25  Drone  
  34  3:26  Drone  
  38  3:36  Drone x2  
  38  3:37  Drone  
  41  3:43  Drone  
  41  3:45  Overlord  
  42  3:48  Extractor  
  42  3:50  Extractor  
  42  3:51  Lair  
  42  3:54  Drone  
  41  3:59  Evolution Chamber  
  41  4:02  Drone, Evolution Chamber  
  41  4:06  Drone x2  
  41  4:09  Drone  
  43  4:11  Drone  
  43  4:14  Drone  
  43  4:16  Drone  
  46  4:18  Drone  
  46  4:23  Drone  
  48  4:25  Drone  
  48  4:29  Zerg Missile Weapons Level 1  
  48  4:30  Drone  
  50  4:36  Overlord  
  50  4:39  Overlord  
  50  4:45  Zerg Ground Armor Level 1  
  50  4:54  Overlord, Queen  
  52  5:00  Drone x3  
  52  5:02  Glial Reconstitution  
  54  5:09  Roach x2  
  54  5:11  Roach  
  60  5:16  Roach  
  60  5:17  Roach  
  64  5:24  Roach  
  66  5:35  Spine Crawler  
  64  5:37  Roach x2  
  67  5:48  Roach x2  
  69  5:57  Roach  
  70  6:05  Roach  
  70  6:07  Overlord x3  
  69  6:27  Roach x3  
  69  6:28  Zerg Missile Weapons Level 2  
  69  6:31  Roach x4  
  83  6:41  Queen  
  83  6:43  Ravager  
  86  6:53  Roach  
  86  6:54  Roach  
  86  6:59  Roach x3  
  86  7:00  Roach x3  
  98  7:02  Overlord  
  98  7:03  Overlord  
  98  7:11  Extractor  
  97  7:26  Roach x2  
  101  7:36  Drone x3  
  104  7:38  Ravager x5  
  104  7:39  Ravager, Drone  
  104  7:40  Drone  
  112  7:51  Ravager  
  112  7:53  Drone  
  112  7:57  Spine Crawler  
  113  8:02  Drone  
  113  8:04  Zerg Ground Armor Level 2  
  114  8:08  Overlord x3  
  85  8:43  Roach x5  
  85  8:44  Roach x2  
  85  8:45  Roach x6  
  87  9:02  Roach x2  
  91  9:03  Roach x3  
  91  9:04  Roach  
  91  9:05  Roach  
  103  9:10  Ravager x5  
  103  9:15  Drone, Infestation Pit  
  106  9:17  Drone x2  
  106  9:18  Drone x2  
  106  9:23  Extractor  
  109  9:35  Roach x3  
  109  9:36  Roach x2  
  119  9:44  Roach  
  119  9:45  Roach x3  
  127  9:46  Roach x4  
  127  9:48  Drone  
  136  9:58  Roach  
  90  10:18  Roach x3  
  90  10:27  Hatchery  
  89  10:34  Drone x2  
  89  10:35  Drone  
  92  10:43  Ravager x3  
  92  10:44  Ravager x4  
  92  10:48  Hive  
  92  10:49  Drone  
  101  10:50  Drone  
  101  10:52  Hatchery  
  101  10:53  Drone x2  
  102  11:12  Roach x2  
  102  11:17  Infestor x2, Spire  
  109  11:33  Roach x3  
  109  11:39  Roach x4  
  125  11:40  Roach  
  125  11:45  Drone  
  126  11:48  Queen  
  127  12:10  Roach x2  
  127  12:11  Roach  
  133  12:17  Drone x2  
  133  12:18  Drone  
  133  12:20  Drone x2, Queen  
  140  12:31  Greater Spire  
  140  12:34  Drone  
  141  12:46  Drone, Infestation Pit  
  141  12:47  Overlord  
  141  12:48  Overlord x3  
  141  12:55  Drone x2, Spawning Pool  
  142  13:05  Queen  
  142  13:08  Corruptor x3  
  150  13:16  Drone  
  150  13:17  Drone x2  
  153  13:22  Drone, Extractor  
  153  13:23  Drone, Extractor  
  153  13:24  Corruptor  
  153  13:25  Corruptor  
  157  13:44  Corruptor x3  
  157  13:47  Corruptor  
  165  13:53  Drone  
  165  13:54  Drone x2  
  168  13:57  Extractor  
  168  13:58  Drone  
  168  13:59  Drone, Extractor  
  168  14:11  Brood Lord  
  168  14:12  Brood Lord  
  168  14:16  Brood Lord  
  174  14:22  Overlord  
  174  14:28  Overlord x2  
  112  14:47  Corruptor x4  
  89  14:58  Zergling x4  
  89  14:59  Zergling x6  
Show
View Real Time Build Order
Export as new Build Order

Toons Protoss - Winner!

Build Orders: 1 Gate Expand 

Get SALT Encoding   

  12  0:02  Probe (Chrono Boost)  
  13  0:12  Probe (Chrono Boost)  
  14  0:18  Pylon  
  14  0:23  Probe (Chrono Boost)  
  15  0:37  Probe (Chrono Boost)  
  15  0:39  Assimilator  
  16  0:47  Probe (Chrono Boost)  
  17  0:50  Gateway  
  17  0:58  Probe (Chrono Boost)  
  18  1:08  Probe (Chrono Boost)  
  19  1:19  Probe (Chrono Boost)  
  20  1:29  Probe (Chrono Boost)  
  21  1:35  Nexus  
  21  1:46  Cybernetics Core  
  21  1:50  Probe (Chrono Boost)  
  22  2:00  Probe (Chrono Boost)  
  23  2:08  Assimilator  
  23  2:09  Pylon  
  23  2:13  Pylon  
  23  2:23  Warp Gate (Chrono Boost)  
  23  2:27  Probe  
  23  2:30  Adept  
  25  2:39  Probe  
  26  2:46  Robotics Facility  
  26  2:49  Probe  
  28  2:51  Probe  
  28  2:55  Gateway  
  28  3:02  Sentry  
  30  3:08  Gateway  
  30  3:11  Probe  
  30  3:12  Probe  
  32  3:21  Gateway  
  32  3:26  Probe  
  32  3:27  Probe  
  32  3:32  Assimilator  
  34  3:38  Probe  
  34  3:39  Probe  
  36  3:47  Pylon  
  36  3:49  Probe  
  36  3:51  Probe  
  38  3:58  Warp Prism  
  38  3:59  Probe  
  41  4:13  Probe  
  41  4:15  Probe  
  43  4:18  Assimilator  
  43  4:26  Forge  
  43  4:30  Probe  
  43  4:31  Pylon  
  43  4:32  Probe  
  43  4:35  Gateway  
  45  4:39  Gateway  
  45  4:40  Adept x2  
  49  4:49  Observer  
  49  4:50  Probe  
  49  4:51  Probe  
  52  4:55  Adept x2  
  56  5:00  Probe  
  56  5:03  Probe  
  58  5:17  Nexus  
  58  5:25  Probe  
  58  5:26  Probe  
  60  5:49  Adept  
  62  5:50  Adept x2  
  62  5:52  Adept  
  68  6:05  Probe  
  68  6:06  Probe  
  68  6:10  Pylon  
  70  6:11  Pylon  
  62  6:26  Stalker x4  
  62  6:30  Photon Cannon  
  62  6:31  Probe, Photon Cannon  
  62  6:32  Probe  
  70  6:33  Probe  
  70  6:34  Photon Cannon  
  70  6:35  Photon Cannon  
  73  6:42  Assimilator  
  73  6:45  Stalker  
  73  6:47  Assimilator  
  67  6:54  Stalker x4  
  67  6:58  Probe  
  67  7:00  Mothership Core, Probe  
  77  7:03  Pylon  
  77  7:07  Protoss Ground Weapons Level 1  
  79  7:09  Probe, Immortal (Chrono Boost)  
  79  7:12  Probe  
  81  7:36  Probe x2  
  81  7:37  Robotics Facility, Probe  
  81  7:40  Robotics Bay  
  81  7:42  Stalker x4  
  81  7:43  Stalker  
  94  8:05  Probe x2  
  94  8:06  Probe  
  97  8:15  Pylon, Probe x2  
  97  8:16  Pylon  
  99  8:21  Immortal (Chrono Boost)  
  103  8:29  Stalker x3  
  109  8:35  Stalker  
  98  8:48  Stalker x2  
  89  8:53  Mothership Core  
  89  8:54  Disruptor (Chrono Boost)  
  89  8:55  Probe  
  84  8:56  Probe, Immortal (Chrono Boost)  
  86  9:03  Photon Cannon x2  
  86  9:04  Photon Cannon  
  86  9:06  Photon Cannon  
  86  9:07  Photon Cannon  
  86  9:10  Pylon  
  86  9:17  Pylon  
  86  9:18  Pylon  
  86  9:21  Sentry  
  86  9:22  Sentry  
  86  9:23  Stalker x2, Sentry  
  86  9:24  Stalker  
  104  9:33  Disruptor (Chrono Boost)  
  104  9:37  Protoss Ground Armor Level 1  
  101  9:50  Adept x2  
  101  9:51  Adept  
  97  10:11  Stalker  
  97  10:12  Stalker x5  
  93  10:26  Disruptor (Chrono Boost)  
  100  10:30  Probe  
  100  10:31  Probe  
  100  10:32  Immortal (Chrono Boost)  
  102  10:36  Gateway  
  102  10:37  Gateway  
  102  10:38  Stalker  
  102  10:39  Stalker x5  
  114  10:50  Twilight Council  
  114  10:56  Probe  
  114  10:57  Observer (Chrono Boost), Probe  
  117  11:17  Disruptor (Chrono Boost)  
  124  11:18  Zealot  
  124  11:19  Zealot x3  
  124  11:20  Immortal (Chrono Boost)  
  132  11:29  Pylon x2  
  132  11:37  Pylon  
  132  11:39  Pylon, Nexus  
  132  11:43  Assimilator  
  132  11:47  Assimilator  
  132  11:48  Zealot x2  
  132  11:49  Zealot x2  
  132  11:50  Zealot x2  
  132  12:26  Photon Cannon  
  132  12:27  Photon Cannon  
  132  12:28  Photon Cannon x2  
  132  12:32  Immortal (Chrono Boost)  
  132  12:35  Probe x2  
  132  12:36  Pylon  
  141  12:37  Probe, Immortal (Chrono Boost)  
  141  12:41  Zealot  
  141  12:42  Zealot x4  
  153  12:46  Protoss Ground Weapons Level 2 (Chrono Boost)  
  153  12:49  Charge  
  153  13:00  Extended Thermal Lance  
  143  13:08  Probe  
  143  13:09  Probe  
  143  13:10  Probe  
  146  13:19  Zealot x5  
  156  13:24  Zealot x2  
  160  13:34  Nexus  
  160  13:36  Pylon  
  160  13:38  Pylon  
  160  13:40  Colossus (Chrono Boost)  
  164  13:42  Colossus (Chrono Boost)  
  168  13:49  Probe  
  168  13:51  Probe  
  170  14:11  Stalker x5  
  170  14:12  Stalker x3  
  186  14:19  Probe x2  
  186  14:20  Probe  
  189  14:30  Photon Cannon  
  189  14:32  Photon Cannon  
  189  14:34  Photon Cannon  
  171  14:59  Stalker  
  171  15:00  Stalker x6  
Tags
 
Add a new tag
Caveats
  • Supply blocks, unpowered buildings, or Contaminate may cause inaccurate times.
  • Supply counts are checked every 10 seconds.